 Dungeon Crawl Stone Soup version 0.27-a0-808-g60bc5d92e6 (webtiles) character file.

Game seed: 16754094695134638398

445 spiderkeys the Grave Robber (level 6, 0/41 HPs)
             Began as a Demonspawn Necromancer on Mar 28, 2021.
             Slain by a gnoll
             ... wielding a +0 club
              (4 damage)
             ... on level 3 of the Dungeon.
             The game lasted 00:08:47 (5027 turns).

spiderkeys the Grave Robber (DsNe)                  Turns: 5027, Time: 00:08:47

Health: 0/41       AC:  3    Str: 10    XL:     6   Next: 72%
Magic:  3/11       EV: 12    Int: 17    God:
Gold:   78         SH:  0    Dex: 13    Spells: 10/11 levels left

rFire    . . .     SeeInvis .   l - +3 halberd (flame)
rCold    . . .     Faith    .   (shield currently unavailable)
rNeg     . . .     Spirit   .   o - +0 leather armour
rPois    .         Reflect  .   (no helmet)
rElec    .         Harm     .   (no cloak)
rCorr    .         Rampage  .   (no gloves)
Will     .....                  (no boots)
Stlth    ++........             (no amulet)
HPRegen  0.13/turn              (no ring)
MPRegen  0.12/turn              (no ring)

@: no status effects
A: claws 1, demonic magic 1
a: no special abilities


You were on level 3 of the Dungeon.
You visited 1 branch of the dungeon, and saw 4 of its levels.

You collected 78 gold pieces.

Inventory:

Hand Weapons
 l - a +3 halberd of flaming (weapon)
Armour
 o - a +0 leather armour (worn)
Jewellery
 e - a ring of flight
Wands
 c - a wand of flame (37)
Scrolls
 d - 3 scrolls of teleportation {unknown}
 h - a scroll of magic mapping {unknown}
 j - 4 scrolls of identify {unknown}
 m - a scroll of vulnerability {unknown}
 n - a scroll of amnesia {unknown}
Potions
 b - a potion of invisibility
 f - a potion of curing {unknown}
 g - a potion of lignification
 i - a potion of ambrosia {unknown}
 k - a potion of might {unknown}


   Skills:
 * Level 3.5 Polearms
 + Level 3.2 Dodging
 - Level 2.2 Stealth
 + Level 3.4 Spellcasting
 + Level 5.6 Necromancy


You had 10 spell levels left.
You knew the following spells:

 Your Spells              Type           Power      Damage    Failure   Level
a - Pain                  Necr           88%        1d8       2%          1

Your spell library contained the following spells:

 Spells                   Type           Power      Damage    Failure   Level
 Animate Skeleton         Necr           44%        N/A       2%          1
 Vampiric Draining        Necr           11%        2d7       7%          3
 Animate Dead             Necr           11%        N/A       22%         4
 Agony                    Necr           22%        N/A       54%         5


Dungeon Overview and Level Annotations

Branches:
Dungeon (4/15)
 Temple: D:4-7

Altars:
Cheibriados


Innate Abilities, Weirdness & Mutations

You have sharp fingernails.
Spells you cast may paralyse adjacent enemies.


Message History

The jackal writhes in agony.
You kill the jackal!
Malevolent energies surge around you.
The jackal writhes in agony!
You kill the jackal!
Malevolent energies surge around you.
The hobgoblin writhes in agony!
You kill the hobgoblin!
Malevolent energies surge around you.
You are too injured to fight recklessly!
Casting: Pain (safe; 2% risk of failure)
Confirm with . or Enter, or press ? or * to list all spells.
Aiming: Pain (safe; 2% risk of failure)
Press: ? - help, Shift-Dir - straight line, f - gnoll
Aim: a gnoll, wielding a +0 club (chance to affect: 87%)
The gnoll barely resists.
Malevolent energies surge around you.
Casting: Pain (safe; 2% risk of failure)
Confirm with . or Enter, or press ? or * to list all spells.
Aiming: Pain (safe; 2% risk of failure)
Press: ? - help, Shift-Dir - straight line, f/p - gnoll
Aim: a gnoll, wielding a +0 club (chance to affect: 87%)
The gnoll barely resists.
Malevolent energies surge around you. The gnoll hits you with a +0 club.
* * * LOW HITPOINT WARNING * * *
Casting: Pain (safe; 2% risk of failure)
Confirm with . or Enter, or press ? or * to list all spells.
Aiming: Pain (safe; 2% risk of failure)
Press: ? - help, Shift-Dir - straight line, f/p - gnoll
Aim: a gnoll, wielding a +0 club (chance to affect: 87%)
The gnoll barely resists.
Malevolent energies surge around you. The gnoll hits you with a +0 club.
* * * LOW HITPOINT WARNING * * *
Casting: Pain (safe; 2% risk of failure)
Confirm with . or Enter, or press ? or * to list all spells.
Aiming: Pain (safe; 2% risk of failure)
Press: ? - help, Shift-Dir - straight line, f/p - gnoll
Aim: a gnoll, wielding a +0 club (chance to affect: 87%)
The gnoll writhes in agony!
Malevolent energies surge around you. The gnoll hits you with a +0 club.
You die...

##### #...#
#######...########
......'.......Kg@#
###.###...###.####
#.# #...# #.# #.#
#...# #.# ###.#
#)..# #.# ....#
##### #.# .##.#
#.#######
..#+######
#.#.....#
.........#
#.#.###.#


You could see a gnoll and a kobold.

Vanquished Creatures
  Grinder (D:3)
  Terence (D:3)
  Natasha (thrice) (D:2)
  4 gnolls
  5 adders
  2 worms
  2 dart slugs (D:3)
  3 orcs (D:3)
  3 ball pythons
  5 endoplasms
  A giant cockroach (D:2)
  5 goblins
  8 hobgoblins
  7 jackals
  3 quokkas
  5 bats
  2 frilled lizards (D:1)
  8 kobolds
  5 rats
73 creatures vanquished.

Notes
Turn   | Place    | Note
-------+----------+-------------------------------------------
     0 | D:1      | spiderkeys the Demonspawn Necromancer began the quest for
                  | the Orb.
     0 | D:1      | Reached XP level 1. HP: 13/13 MP: 3/3
   638 | D:1      | Gained mutation: Spells you cast may paralyse adjacent
                  | enemies. [demonic ancestry]
   638 | D:1      | Reached XP level 2. HP: 15/19 MP: 0/5
  1277 | D:2      | Gained mutation: You have sharp fingernails. [demonic
                  | ancestry]
  1277 | D:2      | Reached XP level 3. HP: 24/24 MP: 0/6
  1686 | D:2      | Reached skill level 1 in Polearms
  1777 | D:2      | Noticed Natasha
  1787 | D:2      | Killed Natasha
  1801 | D:2      | Noticed Natasha
  1820 | D:2      | Killed Natasha
  1821 | D:2      | Reached XP level 4. HP: 6/30 MP: 0/7
  1852 | D:2      | Noticed Natasha
  2357 | D:2      | Killed Natasha
  2358 | D:2      | Reached skill level 5 in Necromancy
  2876 | D:3      | Reached XP level 5. HP: 28/35 MP: 4/9
  3136 | D:2      | HP: 1/35 [gnoll/+0 whip (4)]
  3551 | D:3      | Noticed Grinder
  3562 | D:3      | Killed Grinder
  3563 | D:3      | Reached XP level 6. HP: 39/41 MP: 10/10
  3762 | D:3      | Noticed Terence
  3768 | D:3      | Killed Terence
  4203 | D:3      | Found a snail-covered altar of Cheibriados.
  5027 | D:3      | Slain by a gnoll

Illustrated notes

Levels and vault maps discovered:
D:1:      dpeg_arrival_fog, layout_loops_ring, minmay_hexomino_f4
D:2:      layout_rooms, serial_aquarium, aquarium_bridge_long_separate
          [aquarium_subvault_window, aquarium_subvault_bridge,
          aquarium_subvault_bridge, aquarium_subvault_bridge,
          aquarium_subvault_wall, aquarium_subvault_balcony],
          aquarium_bridge_square [aquarium_subvault_bridge,
          aquarium_subvault_bridge, aquarium_subvault_bridge,
          aquarium_subvault_wall], aquarium_window_fake, aquarium_window_1,
          aquarium_view_2d, aquarium_view_2e, aquarium_pool_2,
          chequers_arboretum, uniq_natasha
D:3:      layout_basic, kennysheep_slug_shrine, kennysheep_pointless_box,
          chequers_serial_rivers_marsh, guppyfry_early_orc_mine, uniq_terence,
          uniq_grinder
D:4:      layout_rooms, minmay_crystal_water, uniq_ijyb

Skill      XL: |  1  2  3  4  5 |
---------------+----------------+-----
Stealth        | 2 |  2.2
Dodging        | 2 3 |  3.2
Polearms       | 1 2 3 |  3.5
Necromancy     | 5 |  5.6
Spellcasting   | 3 |  3.4

Action                   |  1- 3 |  4- 6 || total
-------------------------+-------+-------++-------
Melee: Spear             |    47 |    28 ||    75
       Halberd           |       |    53 ||    53
 Cast: Pain              |    54 |    80 ||   134
  Use: Potion            |     3 |     1 ||     4
 Stab: Paralysed         |     9 |    19 ||    28
       Sleeping          |     1 |     1 ||     2
Armor: Robe              |     4 |     8 ||    12
       Skin              |    15 |       ||    15
       Leather armour    |       |     4 ||     4
Dodge: Dodged            |    26 |    50 ||    76

Table legend: (Time is in decaauts)
 A = Elapsed time spent in this place.
 B = Non-inter-level travel time spent in this place.
 C = Inter-level travel time spent in this place.
 D = Time resting spent in this place.
 E = Time spent auto-exploring this place.
 F = Levels seen in this place.
 G = Mean time per level.
                   A        B        C        D        E       F      G
               +--------+--------+--------+--------+--------+-----+--------+
         Total |   5059 |   4927 |    132 |    311 |   4010 |   4 | 1264.8 |
       Dungeon |   5059 |   4927 |    132 |    311 |   4010 |   4 | 1264.8 |
               +--------+--------+--------+--------+--------+-----+--------+

Top non-repeatable levels by time:
     D:2: 1901 daAuts
     D:3: 1897 daAuts
     D:1: 1252 daAuts
     D:4: 9 daAuts
